 Dungeon Crawl Stone Soup version 0.28.0-53-g5a82cb258f (webtiles) character file.

Game seed: 13265566884147172990

77 issech the Chopper (level 4, -4/40 HPs)
             Began as a Minotaur Monk on June 24, 2022.
             Slain by Terence
             ... wielding a +1 mace of protection
              (10 damage)
             ... on level 2 of the Dungeon.
             The game lasted 00:04:29 (1295 turns).

issech the Chopper (Minotaur Monk)                  Turns: 1295, Time: 00:04:30

Health: -4/40      AC:  5    Str: 16    XL:     4   Next: 13%
Magic:  3/3        EV: 12    Int:  7    God:
Gold:   36         SH:  0    Dex: 14    Spells: 3/3 levels left

rFire   . . .      SeeInvis .   a - +0 hand axe
rCold   . . .      Faith    .   f - orb {light}
rNeg    . . .      Spirit   .   h - +0 ring mail
rPois   .          Reflect  .   (helmet restricted)
rElec   .          Harm     .   (no cloak)
rCorr   .          Rampage  .   (no gloves)
Will    .....                   (no boots)
Stlth   +.........              (no amulet)
HPRegen 0.13/turn               (no ring)
MPRegen 0.08/turn               (no ring)

@: glowing
A: horns 2, retaliatory headbutt
a: no special abilities


You were on level 2 of the Dungeon.
You visited 1 branch of the dungeon, and saw 2 of its levels.

You collected 36 gold pieces.

Inventory:

Hand Weapons
 a - a +0 hand axe (weapon)
 b - a +0 spear of freezing
 g - a +0 hunting sling
Missiles
 d - 69 stones (quivered)
Armour
 f - an orb of light (worn)
 h - a +0 ring mail (worn)
Scrolls
 c - a scroll of blinking {unknown}
 i - a scroll of identify {unknown}
 k - a scroll of teleportation {unknown}
Potions
 e - a potion of cancellation {unknown}
 j - 2 potions of berserk rage {unknown}
 l - a potion of degeneration {unknown}
 m - a potion of attraction {unknown}


   Skills:
 + Level 4.2 Fighting
 + Level 5.1 Axes
 + Level 1.2 Armour
 + Level 3.5 Dodging
 + Level 1.6 Stealth


You had 3 spell levels left.
You didn't know any spells.
Your spell library contained the following spells:

 Spells                   Type           Power      Damage    Failure   Level
 Foxfire                  Conj/Fire      0%         2x1d4     65%         1


Dungeon Overview and Level Annotations

Branches:
Dungeon (2/15)

Altars:

Annotations:
D:2 Terence


Innate Abilities, Weirdness & Mutations

You have a pair of horns on your head.
You reflexively headbutt those who attack you in melee.


Message History

The ball python barely misses you. You furiously retaliate!
You headbutt the ball python.
You kill the ball python!
The endoplasm freezes you.
You are frozen.
The endoplasm freezes you.
You are frozen.
You barely miss the giant cockroach. You headbutt the giant cockroach.
You kill the giant cockroach!
You hit the endoplasm. The endoplasm barely misses you.
You furiously retaliate!
You headbutt the endoplasm, but do no damage.
You hit the endoplasm.
You kill the endoplasm!
You hit Terence. You headbutt Terence.
Terence is lightly wounded.
The gnoll closely misses you.
Terence hits you with a +1 mace of protection.
You hit Terence.
Terence is lightly wounded.
The gnoll hits you from afar with a +0 spear.
Terence hits you with a +1 mace of protection.
You hit Terence but do no damage. You headbutt Terence.
Terence is moderately wounded.
The gnoll barely misses you. Terence closely misses you.
You hit Terence but do no damage. You headbutt Terence, but do no damage.
Terence is moderately wounded.
The gnoll hits you from afar with a +0 spear.
Terence barely misses you. You furiously retaliate!
You headbutt Terence! You hit Terence.
Terence is almost dead.
The gnoll hits you from afar with a +0 spear.
* * * LOW HITPOINT WARNING * * *
Terence barely misses you.
You hit Terence but do no damage.
Terence is almost dead.
The gnoll hits you from afar with a +0 spear.
* * * LOW HITPOINT WARNING * * *
Terence hits you with a +1 mace of protection!
You die...

.......?.?.# ...........#
........[..# ..........#
>. ......†..###...
#########.##..# #...#
#†g.# #...# #@#.## ##
#...#####@#..## ...
#...##........### ....##
#...##........... .......
#...##........###.........
#....####..#.## #.......#.
#.......#..#.####.......##
#.....#...................
#...#..###....##.........#
#####.....................


You could see Terence and a gnoll.

Vanquished Creatures
  2 gnolls (D:2)
  An adder (D:2)
  5 ball pythons
  4 bats
  2 endoplasms
  2 giant cockroaches
  5 goblins
  6 hobgoblins
  9 jackals
  2 kobolds
  A frilled lizard (D:1)
  2 rats (D:1)
41 creatures vanquished.

Vanquished Creatures (others)
  A fungus (D:2)
  A plant (D:2)
2 creatures vanquished.

Grand Total: 43 creatures vanquished

Notes
Turn   | Place    | Note
-------+----------+-------------------------------------------
     0 | D:1      | issech the Minotaur Monk began the quest for the Orb.
     0 | D:1      | Reached XP level 1. HP: 19/19 MP: 0/0
   252 | D:1      | Reached XP level 2. HP: 27/27 MP: 1/1
   271 | D:1      | Reached skill level 4 in Axes
   801 | D:1      | Reached XP level 3. HP: 26/33 MP: 2/2
  1158 | D:2      | Reached skill level 1 in Armour
  1223 | D:2      | Found a faded altar of an unknown god.
  1236 | D:2      | Got Plato's Tome of Combat Magic
  1278 | D:2      | Reached skill level 5 in Axes
  1278 | D:2      | Reached XP level 4. HP: 40/40 MP: 3/3
  1279 | D:2      | Noticed Terence
  1295 | D:2      | Slain by Terence

Illustrated notes

Levels and vault maps discovered:
D:1:      minmay_arrival_up_and_down, layout_basic, columned_hall_lemuel,
          bh_walls_and_bars
D:2:      layout_rooms, shapermc_ecumenical_altar_rom_forum,
          uniq_crazy_yiuf_cottage, uniq_terence

Skill      XL: |  1  2  3 |
---------------+----------+-----
Axes           | 4 5 |  5.1
Fighting       | 4 |  4.2
Armour         | 1 |  1.2
Dodging        | |  3.5
Stealth        | |  1.6

Action                   |  1- 3 |  4- 6 || total
-------------------------+-------+-------++-------
Melee: Hand axe          |    78 |     8 ||    86
       Headbutt          |    18 |     4 ||    22
Armor: Leather armour    |     1 |       ||     1
       Ring mail         |    26 |     4 ||    30
Dodge: Dodged            |    53 |    14 ||    67
